 Dungeon Crawl Stone Soup version 0.23-a0-119-ga86c9e7 (webtiles) character file.

95 Amnesiac the Gusty (level 4, -1/30 HPs)
             Began as a Mummy Air Elementalist on Aug 24, 2018.
             Was an Initiate of Dithmenos.
             Slain by a gnoll
             ... wielding a +0 halberd
              (3 damage)
             ... on level 1 of the Dungeon.
             The game lasted 00:03:50 (1459 turns).

Amnesiac the Gusty (Mummy Air Elementalist)         Turns: 1459, Time: 00:03:51

Health: -1/30      AC:  2    Str: 11    XL:     4   Next: 39%
Magic:  1/9        EV: 12    Int: 15    God:    Dithmenos [......]
Gold:   56         SH:  0    Dex: 12    Spells: 3/10 levels left

rFire    x . .     SeeInvis .   c - +0 short sword
rCold    + . .     Gourm    .   (no shield)
rNeg     + + +     Faith    .   a - +0 robe
rPois    ∞         Spirit   .   (no helmet)
rElec    .         Reflect  .   (no cloak)
rCorr    .         Harm     .   (no gloves)
MR       .....                  (no boots)
Stlth    ++........             (no amulet)
HPRegen  0.10/turn              (no ring)
MPRegen  0.11/turn              (no ring)

@: no status effects
A: no food or potions, fire vulnerability, cold resistance 1, negative energy
resistance 3, torment resistance, unbreathing
a: Renounce Religion


You were on level 1 of the Dungeon.
You worshipped Dithmenos.
Dithmenos was noncommittal.
You were not hungry.

You visited 1 branch of the dungeon, and saw 3 of its levels.

You collected 56 gold pieces.

Inventory:

Hand Weapons
 c - a +0 short sword (weapon)
 g - a +0 blowgun
Missiles
 e - 15 poisoned needles
Armour
 a - a +0 robe (worn)
Jewellery
 f - an uncursed amulet of faith {unknown}
Wands
 d - a wand of acid (11)
Scrolls
 b - a scroll of amnesia {!r, unknown}
 h - a scroll of teleportation {!r, unknown}
 i - a scroll of magic mapping {!r, unknown}


   Skills:
 - Level 1.5 Dodging
 - Level 1.5 Stealth
 + Level 3.7 Spellcasting
 - Level 0.7 Conjurations
 * Level 3.9 Air Magic


You had 3 spell levels left.
You knew the following spells:

 Your Spells              Type           Power        Failure   Level  Hunger
a - Shock                 Conj/Air       #...         7%          1    N/A
d - Airstrike             Air            ##........   36%         4    N/A
z - Swiftness             Chrm/Air       #.......     13%         2    N/A

Your spell library contained the following spells:

 Spells                   Type           Power        Failure   Level  Hunger
 Static Discharge         Conj/Air       #.......     22%         3    N/A
 Lightning Bolt           Conj/Air       #.........   89%         5    N/A

Dungeon Overview and Level Annotations

Branches:
Dungeon (3/15)

Altars:
Dithmenos


Innate Abilities, Weirdness & Mutations

You do not eat or drink.
Your flesh is vulnerable to fire.
You are immune to poison.
Your flesh is cold resistant. (rC+)
You are immune to negative energy. (rN+++)
You are immune to unholy pain and torment.
You can survive without breathing.


Message History

You hit the hobgoblin.
The hobgoblin is lightly wounded.
The hobgoblin hits you but does no damage.
Casting: Shock (safe; 7% risk of failure)
Confirm with . or Enter, or press ? or * to list all spells.
Aiming: Shock (safe; 7% risk of failure)
Press: ? - help, Shift-Dir - straight line, f/p - hobgoblin
Aim: a hobgoblin (lightly wounded)
The zap hits the hobgoblin.
You kill the hobgoblin!
Dithmenos accepts your kill.
A rat comes into view.
Casting: Shock (safe; 7% risk of failure)
Confirm with . or Enter, or press ? or * to list all spells.
Aiming: Shock (safe; 7% risk of failure)
Press: ? - help, Shift-Dir - straight line, f - rat
Aim: a rat (resting)
The zap hits the rat.
You kill the rat!
Dithmenos accepts your kill.
Key pressed, stopping explore.
No target in view!
Casting: Shock (safe; 7% risk of failure)
Confirm with . or Enter, or press ? or * to list all spells.
You can't see any susceptible monsters within range! (Use Z to cast anyway.)
Found a purple potion.
Found a stone staircase leading down.
No target in view!
Casting: Shock (safe; 7% risk of failure)
Confirm with . or Enter, or press ? or * to list all spells.
You can't see any susceptible monsters within range! (Use Z to cast anyway.)
A gnoll comes into view. It is wielding a halberd.
The gnoll barely misses you. The gnoll hits you with a halberd!
Ouch! That really hurt!
* * * LOW HITPOINT WARNING * * *
Casting: Shock (safe; 7% risk of failure)
Confirm with . or Enter, or press ? or * to list all spells.
Aiming: Shock (safe; 7% risk of failure)
Press: ? - help, Shift-Dir - straight line, f - gnoll
Aim: a gnoll, wielding a halberd The zap hits the gnoll.
The gnoll is lightly wounded.
The gnoll closely misses you.
Your magical contamination has completely faded away.
A gnoll is nearby!
You are too injured to fight recklessly!
Casting: Shock (safe; 7% risk of failure)
Confirm with . or Enter, or press ? or * to list all spells.
Aiming: Shock (safe; 7% risk of failure)
Press: ? - help, Shift-Dir - straight line, f/p - gnoll
Aim: a gnoll, wielding a halberd (lightly wounded)
The zap hits the gnoll.
The gnoll is moderately wounded.
The gnoll misses you.
A gnoll is nearby!
You hit the gnoll.
The gnoll is heavily wounded.
The gnoll hits you with a halberd.
* * * LOW HITPOINT WARNING * * *
Casting: Shock (safe; 7% risk of failure)
Confirm with . or Enter, or press ? or * to list all spells.
You don't have enough magic to cast that spell.
The gnoll hits you from afar with a halberd.
You die...

### #.. #.# ############ #.#
...........# #.# ##########.#
#.# #.# #.# ###
######.##########.######
......!...†.>...@.g.........#
############.##.#####.#####.#
#.##.# #.?. #.##.# #####
#.##.# #.##.# #....# ######


You could see a gnoll.

Vanquished Creatures
  4 adders (D:3)
  3 oozes
  A worm (D:3)
  A leopard gecko (D:3)
  An orc (D:3)
  3 giant cockroaches
  3 hobgoblins (D:1)
  4 bats
  2 frilled lizards
  10 goblins
  8 kobolds
  5 rats
45 creatures vanquished.

Notes
Turn   | Place    | Note
-------+----------+-------------------------------------------
     0 | D:1      | Amnesiac the Mummy Air Elementalist began the quest for the Orb.
     0 | D:1      | Reached XP level 1. HP: 13/13 MP: 4/4
    87 | D:1      | Reached XP level 2. HP: 9/19 MP: 0/5
   326 | D:1      | Learned a level 2 spell: Swiftness
   823 | D:3      | Reached XP level 3. HP: 23/24 MP: 2/7
   997 | D:3      | Found a shadowy altar of Dithmenos.
  1085 | D:3      | Became a worshipper of Dithmenos the Shadowed
  1169 | D:3      | Reached XP level 4. HP: 16/30 MP: 4/9
  1175 | D:3      | Learned a level 4 spell: Airstrike
  1459 | D:1      | Slain by a gnoll

Vault maps used:
D:1:      erik_arrival_cave_to_civilisation
D:2:      grunt_ministairs_5, uniq_jessica
D:3:      lemuel_crystal_altar, lemuel_round_altar,
          nicolae_dithmenos_shadow_blocks, serial_glass, glass_columns_a,
          glass_columns_a, glass_columns_a, glass_columns_a, glass_columns_b,
          glass_columns_c, glass_columns_a, glass_columns_a, glass_columns_c,
          glass_columns_a, glass_columns_a, glass_columns_a, glass_columns_a,
          glass_columns_a

Skill      XL: |  1  2 |
---------------+-------+-----
Air Magic      | 3 |  3.9
Spellcasting   | 3 |  3.7
Dodging        | |  1.5
Stealth        | |  1.5
Conjurations   | |  0.7

Action                   |  1- 3 |  4- 6 || total
-------------------------+-------+-------++-------
Melee: Unarmed           |    23 |       ||    23
       Short sword       |     8 |     5 ||    13
 Cast: Shock             |    56 |    30 ||    86
  Use: Scroll            |     3 |     1 ||     4
Armor: Robe              |    23 |     1 ||    24
Dodge: Dodged            |    59 |    11 ||    70

Table legend:
 A = Non-vault XP
 B = Vault XP
 C = Vault XP percentage of total XP
 D = Non-vault monster count
 E = Vault monster count
 F = Vault count percentage of total count
                 A         B        C        D         E       F
            +---------+---------+-------+---------+---------+-------
      Total |     130 |       6 |   4.4 |      42 |       3 |   6.7
            +---------+---------+-------+---------+---------+-------
        D:1 |      40 |       4 |   9.1 |      23 |       2 |   8.0
        D:2 |       7 |       2 |  22.2 |       1 |       1 |  50.0
        D:3 |      83 |       0 |   0.0 |      18 |       0 |   0.0
            +---------+---------+-------+---------+---------+-------
